 Dungeon Crawl Stone Soup version 0.28-a0-793-g31680bbd8b (webtiles) character file.

Game seed: 13721546451890615358

26 demibob the Ruffian (level 3, 31/31 HPs)
             Began as a Ghoul Monk on Nov 4, 2021.
             Was a Believer of Sif Muna.
             Quit the game on level 1 of the Dungeon.
             The game lasted 00:01:13 (1387 turns).

demibob the Ruffian (Ghoul Monk)                    Turns: 1387, Time: 00:01:13

Health: 31/31      AC:  2    Str: 14    XL:     3   Next: 8%
Magic:  2/2        EV: 12    Int:  5    God:    Sif Muna [**....]
Gold:   53         SH:  0    Dex: 12    Spells: 2/2 levels left

rFire   . . .      SeeInvis .     - Unarmed
rCold   + . .      Faith    .   (no shield)
rNeg    + + +      Spirit   .   a - +0 robe
rPois   ∞          Reflect  .   (no helmet)
rElec   .          Harm     .   (no cloak)
rCorr   .          Rampage  .   (no gloves)
Will    .....                   (no boots)
Stlth   ++........              (no amulet)
HPRegen 0.10/turn               (no ring)
MPRegen 0.08/turn               (no ring)

@: no status effects
A: claws 1, cold resistance 1, negative energy resistance 3, inhibited
regeneration, torment resistance 2
a: Renounce Religion, Channel Magic


You were on level 1 of the Dungeon.
You worshipped Sif Muna.
Sif Muna was pleased with you.
You visited 1 branch of the dungeon, and saw 2 of its levels.

You collected 53 gold pieces.


Innate Abilities, Weirdness & Mutations

You thrive by killing the living.
You are immune to poison.
You have sharp fingernails.
Your flesh is cold resistant. (rC+)
You are immune to negative energy. (rN+++)
You do not regenerate when monsters are visible.
You are immune to unholy pain and torment.


   Skills:
 - Level 3.2 Fighting
 - Level 2.6 Dodging
 - Level 2.1 Stealth
 + Level 4.6 Unarmed Combat


You had 2 spell levels left.
You didn't know any spells.
Your spell library contained the following spells:

 Spells                   Type           Power      Damage    Failure   Level
 Call Canine Familiar     Summ           0%         N/A       85%         3
 Portal Projectile        Hex/Tloc       0%         N/A       85%         3
 Leda's Liquefaction      Hex/Erth       0%         N/A       99%         4

Inventory:

Armour
 a - a +0 robe (worn)
 e - a +0 helmet
Potions
 b - a potion of curing {@q1}
 c - a potion of haste {unknown}

Dungeon Overview and Level Annotations

Branches:
Dungeon (2/15)

Altars:
Sif Muna

.#.###.##.# #.##.#####.#
#.## .#.# #.##.#
#.##.#####.# #.# .#.#
#.##.# #..........# #.#
.#.###.##.#▒▒▒▒▒▒▒▒▒▒▒####
#.# .......##.#▒.........▒
#.# ##.######.#▒....░....▒
#.# #.........▒.░..░..░.▒
###.#
#########.▒.░..░..░.▒##
#...# #.'≈≈≈≈@≈≈≈≈'.#
#.### ##▒.░..░..░.▒.# #.#
▒)░..░..░.▒.# #.#
▒....░....▒.#####.#
▒.........▒.......####
▒▒▒▒▒▒▒▒▒▒▒#.###...... #.#
#.# #.##### #.# #.# #.# #
#.# #.# #.# #


There were no monsters in sight!


Message History

You see here a giant cockroach corpse.
You see here a giant cockroach corpse.
Done exploring.
Done exploring.
Done exploring.
Done exploring.
As you read the scroll labelled KOEDOF SEOBYHUSHIM, it crumbles to dust.
You feel strangely unstable.
It was a scroll of teleportation.
As you read the scroll labelled LIUNOERUEL, it crumbles to dust.
It is a scroll of identify.
b - a potion of curing
As you read the scroll labelled ZIEL OMUIKH, it crumbles to dust.
You hear a loud clanging noise!
It was a scroll of noise.
Your surroundings suddenly seem different.
You aren't carrying any pieces of jewellery.
Search for what [? for help]? alt
There is an open door here.
There is an open door here.
There is an open door here.
You enter the shallow water.
Moving in this stuff is going to be slow.
There is a faded altar of an unknown god here.
You cannot tell which god this altar belongs to.
Convert to them anyway?
Okay, then.
You cannot tell which god this altar belongs to.
Convert to them anyway?
Sif Muna accepts your prayer! Sif Muna welcomes you!
You can now call upon Sif Muna for magical energy.
Are you sure you want to abandon this character and quit the game? (Confirm with "yes".)

Skill      XL: |  1  2 |
---------------+-------+-----
Unarmed Combat | 4 |  4.6
Fighting       | |  3.2
Dodging        | |  2.6
Stealth        | |  2.1

Action                   || total
-------------------------++-------
Melee: Unarmed           ||    54
  Use: Scroll            ||     3
 Stab: Sleeping          ||     4
Armor: Robe              ||     6
Dodge: Dodged            ||    31

Levels and vault maps discovered:
D:1:      dpeg_arrival_prison, layout_basic,
          shapermc_ecumenical_altar_notcrosses
D:2:      layout_loops_ring, serial_glass, glass_columns_a, glass_columns_c,
          uniq_crazy_yiuf_cottage

Notes
Turn   | Place    | Note
-------+----------+-------------------------------------------
     0 | D:1      | demibob the Ghoul Monk began the quest for the Orb.
     0 | D:1      | Reached XP level 1. HP: 19/19 MP: 0/0
    95 | D:1      | You fall into a shaft and drop 1 floor!
   153 | D:1      | Reached XP level 2. HP: 26/26 MP: 1/1
   176 | D:1      | Reached skill level 4 in Unarmed Combat
   385 | D:1      | Found a faded altar of an unknown god.
  1154 | D:1      | Reached XP level 3. HP: 31/31 MP: 2/2
  1386 | D:1      | Prayed at the altar of an unknown god.
  1386 | D:1      | Became a worshipper of Sif Muna the Loreminder
  1386 | D:1      | Reached * piety under Sif Muna
  1386 | D:1      | Reached ** piety under Sif Muna
  1387 | D:1      | Quit the game

Vanquished Creatures
  A dart slug (D:1)
  5 ball pythons (D:1)
  2 bats (D:1)
  5 endoplasms (D:1)
  2 giant cockroaches (D:1)
  A goblin (D:1)
  A quokka (D:1)
  2 kobolds
  4 rats (D:1)
23 creatures vanquished.

Table legend: (Time is in decaauts)
 A = Elapsed time spent in this place.
 B = Non-inter-level travel time spent in this place.
 C = Inter-level travel time spent in this place.
 D = Time resting spent in this place.
 E = Time spent auto-exploring this place.
 F = Levels seen in this place.
 G = Mean time per level.
                   A        B        C        D        E       F      G
               +--------+--------+--------+--------+--------+-----+--------+
         Total |   1385 |   1335 |     50 |    155 |   1028 |   2 |  692.5 |
       Dungeon |   1385 |   1335 |     50 |    155 |   1028 |   2 |  692.5 |
               +--------+--------+--------+--------+--------+-----+--------+

Top non-repeatable levels by time:
     D:1: 1347 daAuts
     D:2: 37 daAuts

Table legend:
 A = Non-vault XP
 B = Vault XP
 C = Vault XP percentage of total XP
 D = Non-vault monster count
 E = Vault monster count
 F = Vault count percentage of total count
                 A         B        C        D         E       F
            +---------+---------+-------+---------+---------+-------
      Total |      33 |       5 |  13.2 |      19 |       4 |  17.4
            +---------+---------+-------+---------+---------+-------
        D:1 |      32 |       5 |  13.5 |      18 |       4 |  18.2
        D:2 |       1 |       0 |   0.0 |       1 |       0 |   0.0
            +---------+---------+-------+---------+---------+-------
